 Dungeon Crawl Stone Soup version 0.27.0-1-g7a089689b8 (webtiles) character file.

Game seed: 12605434228173528704

196 sakkuzi the Chopper (level 5, -11/47 HPs)
             Began as a Hill Orc Fighter on Aug 13, 2021.
             Was an Initiate of Beogh.
             Killed by divine providence
             ... invoked by an orc priest
              (12 damage)
             ... on level 4 of the Dungeon.
             The game lasted 00:08:50 (3061 turns).

sakkuzi the Chopper (Hill Orc Fighter)              Turns: 3061, Time: 00:08:50

Health: -11/47     AC: 13    Str: 20    XL:     5   Next: 74%
Magic:  5/5        EV:  5    Int:  8    God:    Beogh [......]
Gold:   225        SH:  0    Dex: 10    Spells: 4/4 levels left

rFire    . . .     SeeInvis .   a - +1 war axe {axe}
rCold    . . .     Faith    .   c - +0 kite shield
rNeg     . . .     Spirit   .   m - +0 chain mail
rPois    .         Reflect  .   o - +0 helmet
rElec    .         Harm     .   l - +0 cloak
rCorr    .         Rampage  .   s - +0 pair of gloves
Will     .....                  (no boots)
Stlth    ..........             (no amulet)
HPRegen  0.15/turn              (no ring)
MPRegen  0.09/turn              (no ring)

@: confused, mighty, brilliant
A: no striking features
a: Renounce Religion


You were on level 4 of the Dungeon.
You worshipped Beogh.
Beogh was noncommittal.
You visited 1 branch of the dungeon, and saw 4 of its levels.

You collected 225 gold pieces.


   Skills:
 + Level 4.8 Fighting
 * Level 5.7 Axes
 + Level 4.4 Armour
 - Level 3.2 Shields


You had 4 spell levels left.
You didn't know any spells.
Your spell library contained the following spells:

 Spells                   Type           Power      Damage    Failure   Level
 Beastly Appendage        Tmut           0%         N/A       100%        1
 Freeze                   Ice            0%         1d3       100%        1
 Sting                    Tmut/Pois      0%         1d3       100%        1
 Poisonous Vapours        Pois/Air       0%         N/A       100%        2
 Slow                     Hex            0%         N/A       100%        2
 Wereblood                Tmut           0%         N/A       100%        2
 Confusing Touch          Hex            0%         N/A       100%        3
 Frozen Ramparts          Ice            0%         1d2       100%        3
 Spider Form              Tmut/Pois      0%         N/A       100%        3
 Hailstorm                Conj/Ice       0%         3d3       100%        4
 Olgreb's Toxic Radiance  Pois           0%         N/A       100%        4
 Yara's Violent Unravell  Hex/Tmut       0%         3d3       100%        5

Inventory:

Hand Weapons
 a - a +1 war axe (weapon) {axe}
Missiles
 h - 14 poisoned darts (quivered) {throwing}
 n - 62 stones {throwing}
 v - 21 arrows
Armour
 b - a +0 scale mail
 c - a +0 kite shield (worn)
 l - a +0 cloak (worn)
   (You found it on level 2 of the Dungeon)
 m - a +0 chain mail (worn)
   (You found it on level 2 of the Dungeon)
 o - a +0 helmet (worn)
   (You found it on level 2 of the Dungeon)
 s - a +0 pair of gloves (worn)
   (You found it on level 3 of the Dungeon)
Scrolls
 g - 2 scrolls of noise {!r}
 i - 3 scrolls of identify {@r1}
 j - a scroll of enchant weapon
 q - 2 scrolls of teleportation {@r4}
 t - a scroll of fear {unknown}
Potions
 f - a potion of brilliance
 k - a potion of attraction {unknown}
 p - a potion of magic {unknown}
 r - a potion of haste {unknown}
 u - 2 potions of curing {unknown}
 w - a potion of lignification {unknown}

Dungeon Overview and Level Annotations

Branches:
Dungeon (4/15)
 Temple: D:4-7

Altars:

Shops:
D:3

* ### #.. #.#
#.# #######
#.# .......
#.###.......
#oo.oo......
#..#
#o###.......
#..# #@#
.......
#..####.#
.!..[..
#.....#.#
.......
#...#.#.#
#####..
#...#.#.# .
#...#<#.#
######.....#.#
#..........#.#
#.....†....#.#


You could see an orc priest, an orc wizard and an orc.


Message History

You block the orc warrior's attack.
You slash the orc warrior!
The orc warrior hits you but does no damage.
Your shield prevents you from hitting the orc warrior.
You hit the orc warrior but do no damage.
You barely miss something.
The orc warrior hits you but does no damage.
Something hits you but does no damage.
You block the orc warrior's attack. 😨 HP[+1]
You closely miss the orc warrior. You barely miss something.
Something hits you but does no damage.
The orc warrior hits you but does no damage.
Something hits you but does no damage.
You barely miss the orc warrior.
The orc warrior hits you with a +0 flail!
* * * LOW HITPOINT WARNING * * *
You block the orc warrior's attack. 😱 HP[-7]
You take 7 damage, and now have 10/41 hp.
You feel much better.
You block the orc warrior's attack. 😮 HP[+20]
You regained 20 hp, and now have 30/41 hp.
You feel very mighty all of a sudden.
The orc priest looks satisfied for a moment.
The orc warrior hits you but does no damage. 😕 HP[+1]
You hit the orc warrior. The orc warrior barely misses you.
The orc priest calls upon Beogh to heal the orc warrior.
You closely miss the orc warrior. You block the orc warrior's attack.
The orc warrior hits you but does no damage.
You completely miss the orc warrior. You block the orc warrior's attack.
You slash the orc warrior!
You kill the orc warrior!
Beogh accepts your kill.
The orc priest mumbles some strange prayers to Beogh against you.
Beogh smites you!
* * * LOW HITPOINT WARNING * * *
You hear some strange, mumbled words.
A puff of flame appears from out of thin air!
The puff of flame hits you.
* * * LOW HITPOINT WARNING * * *
You have reached level 5!
You feel stronger. 😨 HP[-18] MP[+1]
You now have 47 max hp (+6).
You take 18 damage, and now have 13/47 hp.
MASSIVE DAMAGE!! (PAUSE)
Your mp is fully restored (5).
You feel much better.
A magic dart appears from out of thin air!
The magic dart hits you.
The orc priest calls down the wrath of Beogh upon you.
Something writhes in agony. 😮 HP[+13]
You regained 13 hp, and now have 26/47 hp.
You block something's attack.
Things that are here:
a +0 flail {mace}; a +0 plate armour You barely miss something.
Something hits you but does no damage. x2 😮 HP[+1]
You hit something but do no damage. Something hits you but does no damage.
The orc priest mumbles some strange prayers to Beogh against you.
Beogh smites you!
* * * LOW HITPOINT WARNING * * *
😨 HP[-13]
You take 13 damage, and now have 14/47 hp.
MASSIVE DAMAGE!! (PAUSE)
You closely miss something. Something hits you.
* * * LOW HITPOINT WARNING * * *
😨 HP[-1]
You take 1 damage, and now have 13/47 hp.
You miss something. Something hits you but does no damage.
You hear some strange, mumbled words.
A magic dart appears from out of thin air!
The magic dart hits you but does no damage.
You barely miss something.
An orc wizard appears from thin air!
Reactivating autopickup.
The orc wizard casts a spell at you.
You are confused.
You bump into the rock wall.
The orc wizard hits you but does no damage. 😨 HP[+1]
Your chain mail prevents you from hitting the orc wizard.
The orc wizard hits you but does no damage.
The orc priest mumbles some strange prayers to Beogh against you.
Beogh smites you!
* * * LOW HITPOINT WARNING * * *
The orc wizard casts a spell at you.
The puff of flame hits you but does no damage. 😱 HP[-13]
You take 13 damage, and now have 1/47 hp.
MASSIVE DAMAGE!! (PAUSE)
You bump into the rock wall.
The orc wizard hits you but does no damage.
It was a potion of brilliance.
You feel clever all of a sudden.
The orc priest invokes the aid of Beogh against you.
Beogh smites you!
You die...
Beogh appreciates the orc priest's killing of a heretic priest.

Skill      XL: |  1  2  3  4 |
---------------+-------------+-----
Axes           | 3 4 5 |  5.7
Fighting       | 4 |  4.8
Armour         | 4 |  4.4
Shields        | |  3.2

Action                   |  1- 3 |  4- 6 || total
-------------------------+-------+-------++-------
Melee: War axe           |   120 |    92 ||   212
Throw: Dart              |       |     2 ||     2
Invok: Convert to Beogh  |       |     1 ||     1
  Use: Scroll            |       |     4 ||     4
       Potion            |       |     4 ||     4
Armor: Scale mail        |    34 |       ||    34
       Chain mail        |    35 |    56 ||    91
Dodge: Dodged            |    42 |    27 ||    69
Block: Kite shield       |    76 |    48 ||   124

Levels and vault maps discovered:
D:1:      amcnicky_arrival_feature_with_door, layout_basic,
          hellmonk_ecumenical_altar_watching_god, hangedman_decor_growths,
          solitary_fountain
D:2:      layout_loops_ring, glass_columns_c, roderic_st_hans_cross,
          nrook_loot_triangle
D:3:      minmay_evil_eye, layout_loops_ring, serial_shops, shop_coins
D:4:      layout_basic, minmay_quadrilaterals

Notes
Turn   | Place    | Note
-------+----------+-------------------------------------------
     0 | D:1      | sakkuzi the Hill Orc Fighter began the quest for the Orb.
     0 | D:1      | Reached XP level 1. HP: 19/19 MP: 1/1
     0 | D:1      | magus.rc [v1.9.6]
    60 | D:1      | Noticed an eye of devastation
    66 | D:1      | Found a faded altar of an unknown god.
    68 | D:1      | Noticed a golden eye
    70 | D:1      | Noticed a great orb of eyes
    70 | D:1      | Noticed a great orb of eyes
    76 | D:1      | Reached skill level 3 in Axes
   110 | D:1      | Reached XP level 2. HP: 24/27 MP: 2/2
   227 | D:1      | You pick up a book of Frost and begin reading...
   227 | D:1      | You add the spells Freeze, Frozen Ramparts and Hailstorm to
                  | your library.
   309 | D:1      | You pick up a book of Misfortune and begin reading...
   309 | D:1      | You add the spells Slow, Confusing Touch and Yara's Violent
                  | Unravelling to your library.
   331 | D:1      | You pick up a book of Changes and begin reading...
   331 | D:1      | You add the spells Beastly Appendage, Wereblood and Spider
                  | Form to your library.
   773 | D:1      | Reached skill level 4 in Fighting
   905 | D:1      | Reached XP level 3. HP: 33/33 MP: 3/3
  1024 | D:2      | Reached skill level 4 in Axes
  1701 | D:2      | Reached XP level 4. HP: 36/40 MP: 4/4
  2210 | D:3      | Found Luemeqae's General Store.
  2254 | D:3      | Became a worshipper of Beogh the Brigand
  2286 | D:3      | Reached skill level 4 in Armour
  2551 | D:3      | You add the spells Sting, Poisonous Vapours and Olgreb's
                  | Toxic Radiance to your library.
  3024 | D:4      | Noticed an orc warrior
  3029 | D:4      | Reached skill level 5 in Axes
  3044 | D:4      | HP: 10/41 [orc warrior (7)]
  3050 | D:4      | Killed an orc warrior
  3051 | D:4      | Reached XP level 5. HP: 13/47 MP: 5/5
  3059 | D:4      | HP: 1/47 [orc priest/divine providence (13)]
  3061 | D:4      | Killed from afar by an orc priest

Vanquished Creatures
  An orc warrior (D:4)
  3 adders
  A worm (D:3)
  2 dart slugs
  2 orcs (D:3)
  8 endoplasms
  4 giant cockroaches
  6 goblins
  5 hobgoblins
  4 quokkas
  4 ball pythons
  10 bats
  3 frilled lizards
  6 kobolds
  8 rats
67 creatures vanquished.

Vanquished Creatures (others)
  2 orcs (D:3)
  A bat (D:3)
  A rat (D:3)
4 creatures vanquished.

Grand Total: 71 creatures vanquished

Table legend:
 A = Non-vault XP
 B = Vault XP
 C = Vault XP percentage of total XP
 D = Non-vault monster count
 E = Vault monster count
 F = Vault count percentage of total count
                 A         B        C        D         E       F
            +---------+---------+-------+---------+---------+-------
      Total |     275 |       5 |   1.8 |      64 |       3 |   4.5
            +---------+---------+-------+---------+---------+-------
        D:1 |      37 |       0 |   0.0 |      21 |       0 |   0.0
        D:2 |      64 |       0 |   0.0 |      25 |       0 |   0.0
        D:3 |      41 |       5 |  10.9 |      15 |       3 |  16.7
        D:4 |     133 |       0 |   0.0 |       3 |       0 |   0.0
            +---------+---------+-------+---------+---------+-------

Illustrated notes

Table legend:
 A = Kills in this place as a percentage of kills in entire the game.
 B = Kills by you in this place as a percentage of kills by you in the entire game.
 C = Kills by friends in this place as a percentage of kills by friends in the entire game.
 D = Other kills in this place as a percentage of other kills in the entire game.
 E = Experience gained in this place as a percentage of experience gained in the entire game.
 F = Experience gained in this place divided by the number of levels of this place that you have seen.
                   A       B       C       D       E      F
               +-------+-------+-------+-------+-------+----------------------
         Total | 100.0 | 100.0 |   N/A |   N/A | 100.0 |  70.0
       Dungeon | 100.0 | 100.0 |   N/A |   N/A | 100.0 |  70.0
               +-------+-------+-------+-------+-------+----------------------

Table legend: (Time is in decaauts)
 A = Elapsed time spent in this place.
 B = Non-inter-level travel time spent in this place.
 C = Inter-level travel time spent in this place.
 D = Time resting spent in this place.
 E = Time spent auto-exploring this place.
 F = Levels seen in this place.
 G = Mean time per level.
                   A        B        C        D        E       F      G
               +--------+--------+--------+--------+--------+-----+--------+
         Total |   3171 |   3057 |    114 |    196 |   1908 |   4 |  792.8 |
       Dungeon |   3171 |   3057 |    114 |    196 |   1908 |   4 |  792.8 |
               +--------+--------+--------+--------+--------+-----+--------+

Top non-repeatable levels by time:
     D:2: 1136 daAuts
     D:1: 1030 daAuts
     D:3: 918 daAuts
     D:4: 86 daAuts
